 Dungeon Crawl Stone Soup version 0.31.0-11-ge490571c62 (webtiles) character file.

Game seed: 14933988473228374097

96219 cdecastro the Metamorph (level 15, -2/141 HPs)
             Began as a Grey Draconian Shapeshifter on Jan 27, 2024.
             Was an Initiate of Gozag.
             Slain by a goliath frog (16 damage)
             ... on level 1 of the Swamp.
             The game lasted 01:07:33 (33266 turns).

cdecastro the Metamorph (DrSh)                     Turns: 33266, Time: 01:07:34

Health: -2/141     AC: 16    Str: 17    XL:     15   Next: 68%
Magic:  0/15       EV: 18    Int: 11    God:    Gozag
Gold:   3539       SH:  0    Dex: 17    Spells: 14/14 levels left

rFire   . .          .
                       - Unarmed
rCold   . . .        (shield currently unavailable)
rNeg    . . .        (body armour unavailable)
rPois   .            (helmet restricted)
rElec   .            B - scarf {repulsion}
rCorr   +            (gloves currently unavailable)
SInv    .            i - +1 pair of boots {Fly}
Will    +++..        U - amulet of guardian spirit
Stlth   ++           v - ring of willpower
HPRegen 0.43/turn    A - ring of resist corrosion
MPRegen 0.14/turn

%: repel missiles, guardian spirit
@: lethally poisoned (-2 -> -6), blade hands, gold aura, enlightened, flying
A: AC +14, amphibious, unfitting armour, cold-blooded
a: Begin Untransformation, Renounce Religion, Potion Petition, Call Merchant,
Bribe Branch


You were on level 1 of the Swamp.
You worshipped Gozag.
Gozag was most pleased with you.
You had blades for hands.
You visited 5 branches of the dungeon, and saw 24 of its levels.
You also visited: Sewer.

You collected 7792 gold pieces.
You spent 2149 gold pieces at shops.
You paid 2104 gold pieces to Gozag.

Inventory:

Armour
 i - a +1 pair of boots of flying (worn)
 B - a scarf of repulsion (worn)
Jewellery
 v - a ring of willpower (left blade hand)
 A - a ring of resist corrosion (right blade hand)
 N - a ring of protection from fire
 U - an amulet of guardian spirit (around neck)
Talismans
 I - a flux talisman
 R - a serpent talisman
 W - a blade talisman (active)
Wands
 x - a wand of paralysis (19)
 F - a wand of flame (44)
 H - a wand of polymorph (3)
 M - a wand of roots (5)
 Y - a wand of mindburst (12)
 Z - a wand of light (2)
Scrolls
 f - 2 scrolls of torment
 h - a scroll of blinking {unknown}
 j - 12 scrolls of teleportation
 k - a scroll of enchant weapon {unknown}
 o - 3 scrolls of fog
 p - 4 scrolls of vulnerability
 s - 2 scrolls of fear {unknown}
 t - 3 scrolls of noise
 u - a scroll of summoning {unknown}
 y - a scroll of immolation {unknown}
 C - 2 scrolls of silence {unknown}
 K - a scroll of revelation {unknown}
 O - 2 scrolls of brand weapon {unknown}
Potions
 a - 2 potions of lignification
 c - a potion of brilliance
 e - 7 potions of invisibility
 l - 3 potions of haste
 m - a potion of cancellation
 q - a potion of magic
 r - a potion of enlightenment
 E - 2 potions of attraction
 J - a potion of ambrosia
 L - 3 potions of might
 P - 2 potions of berserk rage
 Q - a potion of resistance
 X - a potion of heal wounds
Miscellaneous
 b - a box of beasts
 n - a phantom mirror (inert)
 T - a condenser vane


   Skills:
 - Level 15.2 Fighting
 - Level 10.5 Dodging
 - Level 12.0 Unarmed Combat
 * Level 10.2 Evocations
 + Level 15.6 Shapeshifting


You had 14 spell levels left.
You didn't know any spells.
Your spell library contained the following spells:

 Spells                   Type           Power      Damage    Failure   Level
 Sandblast                Erth           0%         2d4       34%         1
 Shock                    Conj/Air       0%         1d3       34%         1
 Blink                    Tloc           0%         N/A       47%         2
 Cigotuvi's Dreadful Rot  Necr/Alch/Air  0%         N/A       47%         2
 Ensorcelled Hibernation  Hex/Ice        0%         N/A       47%         2
 Lesser Beckoning         Tloc           0%         N/A       47%         2
 Momentum Strike          Conj/Tloc      0%         3d8       47%         2
 Scorch                   Fire           0%         2d5       47%         2
 Static Discharge         Conj/Air       0%         3-3/arc   47%         2
 Fugue of the Fallen      Necr           0%         N/A       71%         3
 Passwall                 Erth           0%         N/A       71%         3
 Stone Arrow              Conj/Erth      0%         3d7       71%         3
 Swiftness                Air            0%         N/A       71%         3
 Volatile Blastmotes      Fire/Tloc      0%         2d10      71%         3
 Airstrike                Air            0%         2d(0-16)  98%         4
 Anguish                  Hex/Necr       0%         N/A       98%         4
 Brom's Barrelling Bould  Conj/Erth      0%         2d3       98%         4
 Dispel Undead            Necr           0%         3d6       98%         4
 Flame Wave               Conj/Fire      0%         2d4       98%         4
 Fulminant Prism          Conj/Alch      0%         3d5       98%         4
 Iskenderun's Mystic Bla  Conj/Tloc      0%         2d3       98%         4
 Manifold Assault         Tloc           0%         N/A       98%         4
 Martyr's Knell           Necr/Summ      0%         N/A       98%         4
 Passage of Golubria      Tloc           0%         N/A       98%         4
 Summon Lightning Spire   Summ/Air       0%         N/A       98%         4
 Borgnjor's Vile Clutch   Necr/Erth      0%         N/A       100%        5
 Lee's Rapid Deconstruct  Erth           0%         3d4*      100%        5
 Silence                  Hex/Air        0%         N/A       100%        5
 Death Channel            Necr           0%         N/A       100%        6
 Dispersal                Tloc           0%         N/A       100%        6
 Summon Cactus Giant      Summ           0%         N/A       100%        6
 Disjunction              Tloc           0%         N/A       100%        8
 Lehudib's Crystal Spear  Conj/Erth      0%         10d2      100%        8
 Animate Armour           Summ/Erth      Unusable   N/A       N/A         4
 Animate Dead             Necr           Unusable   N/A       N/A         4

Dungeon Overview and Level Annotations

Branches:
Dungeon (15/15)            Temple (1/1) D:6            Lair (5/5) D:10
  Swamp (1/4) Lair:2       Spider (0/4) Lair:3        Slime (0/5) Lair:4
    Orc (2/2) D:10            Elf (0/3) Orc:2        Vaults (0/5) D:13
 Depths (0/4) D:15          Sewer (visited)

Altars:
Ashenzari
Cheibriados
Dithmenos
Elyvilon
Fedhas
Gozag
Hepliaklqana
Kikubaaqudgha
Makhleb
Nemelex Xobeh
Okawaru
Qazlal
Ru
Sif Muna
Trog
Uskayaw
Vehumet
Wu Jian
Xom
Yredelemnul
Zin
The Shining One
Jiyva

Shops:
D:2 *   D:10 ([   Orc:1 !   Orc:2 ([*(

Portals:
Trove: D:13 (give 14 scrolls of teleportation)

Annotations:
Swamp:1 Louise


Innate Abilities, Weirdness & Mutations

You have blades for hands.
You are incapable of wielding weapons or throwing items.
Your dull iron-grey scales are very hard. (AC +14)
You are amphibious.
You cannot fit into any form of body armour.
You are cold-blooded and may be slowed by cold attacks.


Message History

The goliath frog looks as sick as possible!
The goliath frog is engulfed in poison gas.
The goliath frog looks as sick as possible!
Louise gestures at Louise while chanting.
The bolt of lightning hits Louise!
The mangrove smoulders and burns.
Louise is engulfed in poison gas.
Louise looks as sick as possible!
Louise mumbles some strange words.
Louise blinks!
A ghost crab comes into view.
The vampire mosquito is distracted by your dazzling golden aura.
The vampire mosquito buzzes angrily.
You feel very sick.
The goliath frog is no longer distracted by gold.
Louise is engulfed in poison gas.
Louise looks as sick as possible!
Louise casts a spell.
Louise blinks!
The ghost crab breathes spectral mist at you.
The spectral mist engulfs you.
Unknown command.
You slice the spectral death drake!!
Your tail-slap misses the spectral death drake.
You slash the spectral death drake!!
The spectral death drake is almost destroyed.
You are engulfed in spectral mist.
You feel sick.
Louise is engulfed in poison gas.
Louise looks as sick as possible!
Unknown command.
You hit the spectral death drake.
The spectral death drake is almost destroyed.
You are engulfed in spectral mist.
* * * LOW HITPOINT WARNING * * *
You feel sick. The goliath frog hits you from afar!
* * * LOW HITPOINT WARNING * * *
You are splashed with acid.
You resist.
* * * LOW HITPOINT WARNING * * *
A bog body comes into view.
You are engulfed in spectral mist.
You feel sick.
Louise hits Louise from afar with a +2 trident of venom!
Louise looks as sick as possible!
The goliath frog hits you from afar!!
You die...
Your body crumbles into a pile of gold.

~○☼☼~☼~.♣~.°°.~
~§°~°○~°.○..☼..
°☼~°☼~§.°.☼°°☼§
~○§§§°○☼☼☼.°~☼♣
.☼○§.~.°Z☼~~°☼♣
°°@~@.Z☼☼y°.°♣~
~~°☼~☼○n☼.☼☼..°
~○☼...○@☼☼☼○~○.
°~.♣♣~§.☼°°○~~°
♣♣♣♣F○°°~☼°
~○☼.t○☼ °~°°..n
~°.♣♣♣♣ .☼~♣
~~°.


You could see Louise (distracted, extremely poisoned, ally target), a ghost
crab, a spectral death drake (summoned), a spectral spriggan air mage
(summoned), a goliath frog (extremely poisoned), a bog body, a vampire mosquito,
a bloated husk and the friendly Louise (summoned, extremely poisoned, drained).

Vanquished Creatures
  Rupert (Orc:2)
  A fire giant (D:15)
  An eleionoma (Swamp:1)
  Azrael (Orc:1)
  An ettin (Orc:1)
  7 centaur warriors
  A vault guard (D:13)
  2 hydras
  An ogre mage (D:14)
  3 catoblepae (Lair:5)
  A dancing weapon (D:13)
  6 boulder beetles
  2 two-headed ogres
  16 death yaks
  5 tengu warriors
  A demonic crawler (D:11)
  3 orc high priests
  Urug (D:10)
  A skyshark (Lair:2)
  A bog body (Swamp:1)
  An arcanist (D:14)
  A harpy (shapeshifter) (D:13)
  5 orc knights
  An oklob plant (Lair:3)
  18 ugly things
  3 deep elf pyromancers
  4 cyclopes
  5 manticores
  A faun (Lair:5)
  5 orc sorcerers (Orc:2)
  Maurice (D:10)
  2 kobold blastminers (Orc:2)
  5 black mambas
  10 elephants
  A torpor snail (Lair:4)
  2 gargoyles
  7 cane toads
  An unseen horror (D:12)
  A yaktaur (shapeshifter) (D:14)
  3 rime drakes
  3 efreet
  5 komodo dragons
  A polar bear (shapeshifter) (D:14)
  3 trolls
  6 polar bears
  Prince Ribbit (D:9)
  7 dream sheep (Lair:5)
  22 blink frogs
  2 jumping spiders (Lair:3)
  13 slime creatures
  A culicivora (Lair:3)
  3 shadows
  3 wyverns
  42 yaks
  2 steam dragons
  2 basilisks (Lair:3)
  Eustachio (D:4)
  4 fire elementals
  12 vampire mosquitoes
  A warg (Orc:1)
  2 redbacks (Lair:3)
  4 swamp worms (D:11)
  5 acid dragons
  22 water moccasins
  A hell hound (Orc:2)
  Duvessa (D:6)
  3 black bears
  8 orc warriors
  A sky beast (D:6)
  Pargi (Sewer)
  2 laughing skulls (D:14)
  5 ogres
  17 wolves
  22 centaurs
  4 kobold brigands
  17 bullfrogs
  2 gnoll sergeants
  4 scorpions
  Dowan (D:6)
  15 wights
  6 killer bees (D:5)
  2 electric eels
  2 howler monkeys (D:5)
  2 bombardier beetles
  13 orc priests
  A hound (D:4)
  2 jellies (Sewer)
  2 iguanas
  2 sleepcaps (D:6)
  5 hell rats (Lair:2)
  22 orc wizards
  6 gnolls
  7 adders
  12 white imps (Lair:5)
  4 ufetubi
  2 dart slugs
  2 ribbon worms
  42 orcs
  5 ball pythons
  8 endoplasms
  2 giant cockroaches
  6 goblins
  7 hobgoblins
  10 jackals
  4 quokkas
  5 bats
  5 frilled lizards
  31 kobolds
  6 rats
627 creatures vanquished.

Vanquished Creatures (others)
  A bloated husk (Swamp:1)
  A vampire mosquito (Swamp:1)
  2 orcs
4 creatures vanquished.

Grand Total: 631 creatures vanquished

Notes
Turn   | Place    | Note
-------+----------+-------------------------------------------
     0 | D:1      | cdecastro the Draconian Shapeshifter began the quest for
                  | the Orb.
     0 | D:1      | Reached XP level 1. HP: 16/16 MP: 1/1
   176 | D:1      | Reached XP level 2. HP: 23/23 MP: 2/2
   457 | D:1      | Reached XP level 3. HP: 28/28 MP: 3/3
  1181 | D:2      | Found Sikhelou's Assorted Antiques.
  1215 | D:2      | Found a white marble altar of Elyvilon.
  1230 | D:2      | Became a worshipper of Elyvilon the Healer
  1396 | D:2      | Reached XP level 4. HP: 35/35 MP: 4/4
  1645 | D:3      | Found an opulent altar of Gozag.
  1680 | D:3      | Fell from the grace of Elyvilon
  1680 | D:3      | Became a worshipper of Gozag Ym Sagoz the Greedy
  1733 | D:3      | Noticed a scorpion
  1747 | D:3      | Killed a scorpion
  1748 | D:3      | Reached skill level 5 in Unarmed Combat
  1748 | D:3      | Reached XP level 5. HP: 26/40 MP: 5/5
  1844 | D:3      | Found a glowing drain.
  1861 | Sewer    | Entered a sewer
  1863 | Sewer    | Noticed Pargi
  1879 | Sewer    | Killed Pargi
  1882 | Sewer    | Reached XP level 6. HP: 47/47 MP: 6/6
  2203 | D:3      | Found a glowing silver altar of Zin.
  2962 | D:4      | Noticed Eustachio
  3012 | D:4      | Killed Eustachio
  3154 | D:4      | Your scales start taking on a dull iron-grey colour.
  3154 | D:4      | Reached XP level 7. HP: 29/52 MP: 7/7
  3162 | D:4      | Reached skill level 5 in Shapeshifting
  3676 | D:5      | Entered Level 5 of the Dungeon
  3739 | D:5      | Found a broken altar of Ashenzari.
  4175 | D:5      | Reached XP level 8. HP: 59/59 MP: 8/8
  4688 | D:6      | Noticed Dowan
  4759 | D:6      | Found a staircase to the Ecumenical Temple.
  4770 | Temple   | Entered the Ecumenical Temple
  5019 | D:6      | Noticed Duvessa
  5032 | D:6      | Killed Duvessa
  5039 | D:6      | Killed Dowan
  5040 | D:6      | Reached skill level 10 in Unarmed Combat
  5068 | D:6      | Found a sparkling altar of Nemelex Xobeh.
  5295 | D:6      | Found an ornate altar of the Wu Jian Council.
  5321 | D:6      | Found a white marble altar of Elyvilon.
  5344 | D:6      | Reached XP level 9. HP: 64/64 MP: 9/9
  5349 | D:6      | Found an iron altar of Okawaru.
  6391 | D:8      | Found a stormy altar of Qazlal.
  6852 | D:8      | HP: 3/64 [something (7)]
  7755 | D:9      | Noticed Prince Ribbit
  7765 | D:9      | Killed Prince Ribbit
  7936 | D:9      | Reached XP level 10. HP: 72/72 MP: 10/10
  8506 | D:9      | Noticed a manticore
  8516 | D:9      | Killed a manticore
  8798 | D:9      | Reached skill level 5 in Fighting
  9084 | D:10     | Entered Level 10 of the Dungeon
  9084 | D:10     | Found a snail-covered altar of Cheibriados.
  9086 | D:10     | Found a staircase to the Lair.
  9221 | D:10     | Noticed Maurice
  9235 | D:10     | Something stole a flux talisman
  9236 | D:10     | Maurice stole a ring of willpower
  9247 | D:10     | Killed Maurice
  9336 | D:10     | Found a staircase to the Orcish Mines.
  9680 | D:10     | Found Qala's Antique Weapon Emporium.
  9704 | D:10     | Noticed a cyclops
  9720 | D:10     | Killed a cyclops
  9782 | D:10     | Found Feosk's Armour Shop.
  9869 | D:10     | Found a shimmering blue altar of Sif Muna.
  9871 | D:10     | Found a bloodstained altar of Trog.
 10430 | D:10     | Reached XP level 11. HP: 83/91 MP: 11/11
 10694 | D:11     | Noticed a demonic crawler
 10714 | D:11     | Killed a demonic crawler
 10738 | D:11     | Reached skill level 10 in Shapeshifting
 11197 | D:11     | Noticed a green ugly thing
 11212 | D:11     | Killed a purple ugly thing
 11366 | D:11     | Reached skill level 10 in Fighting
 12003 | D:2      | Bought a phantom mirror for 880 gold pieces
 12193 | D:12     | Noticed a two-headed ogre
 12387 | D:12     | Killed a two-headed ogre
 12557 | D:12     | Noticed a green ugly thing
 12567 | D:12     | Killed a brown ugly thing
 12684 | D:12     | Noticed a red ugly thing
 12716 | D:12     | Killed a purple ugly thing
 12892 | D:12     | Noticed a deep elf pyromancer
 12908 | D:12     | Killed a deep elf pyromancer
 13630 | D:13     | Reached skill level 5 in Evocations
 13738 | D:13     | Found a portal to a secret trove of treasure.
 13738 | D:13     | Noticed a purple ugly thing
 13746 | D:13     | Noticed an entropy weaver
 13751 | D:13     | Killed a green ugly thing
 13757 | D:13     | an entropy weaver changed into a harpy
 13757 | D:13     | Noticed a harpy (shapeshifter)
 13762 | D:13     | Killed a harpy
 13929 | D:13     | Noticed a boulder beetle
 13953 | D:13     | Killed a boulder beetle
 13954 | D:13     | Reached XP level 12. HP: 97/106 MP: 12/12
 14095 | D:13     | Found a gate to the Vaults.
 14104 | D:13     | Noticed a vault guard
 14131 | D:13     | Killed a vault guard
 14545 | D:13     | Noticed a centaur warrior
 14556 | D:13     | Killed a centaur warrior
 14621 | D:13     | Noticed a six-headed hydra
 14631 | D:13     | Killed a six-headed hydra
 15025 | D:14     | HP: 2/91 [laughing skull/bolt of negative energy (19)]
 15584 | D:14     | Noticed a centaur warrior
 15603 | D:14     | Killed a centaur warrior
 15617 | D:14     | Reached skill level 10 in Evocations
 16270 | D:14     | Noticed a centaur warrior
 16270 | D:14     | Noticed a boulder beetle
 16286 | D:13     | Killed a boulder beetle
 16477 | D:14     | Noticed a boulder beetle
 16487 | D:13     | Killed a centaur warrior
 16488 | D:13     | Reached XP level 13. HP: 103/113 MP: 13/13
 16714 | D:13     | Reached skill level 5 in Dodging
 17579 | D:15     | Entered Level 15 of the Dungeon
 17856 | D:15     | Found a staircase to the Depths.
 17857 | D:15     | Noticed a fire giant
 19574 | D:15     | Killed a fire giant
 19945 | D:2      | Bought a box of beasts for 880 gold pieces
 20334 | Orc:1    | Entered Level 1 of the Orcish Mines
 20334 | Orc:1    | Noticed Urug
 20345 | D:10     | Killed Urug
 21060 | Orc:1    | Found Bajim's Distillery.
 21063 | Orc:1    | Bought a potion of brilliance for 52 gold pieces
 21063 | Orc:1    | Bought a potion of attraction for 39 gold pieces
 21063 | Orc:1    | Bought 2 potions of might for 104 gold pieces
 21063 | Orc:1    | Bought a potion of mutation for 104 gold pieces
 21136 | Orc:1    | Noticed an ettin
 21143 | Orc:1    | Killed an ettin
 21319 | Orc:2    | Entered Level 2 of the Orcish Mines
 21413 | Orc:2    | Noticed Rupert
 21546 | Orc:2    | Noticed Azrael
 21652 | Orc:1    | Killed Azrael
 21984 | Orc:1    | Reached XP level 14. HP: 121/121 MP: 14/14
 22314 | Orc:2    | Killed Rupert
 22839 | Orc:2    | Found a staircase to the Elven Halls.
 23295 | Orc:2    | Reached skill level 10 in Dodging
 23508 | Orc:2    | Found Cukk's Weapon Boutique.
 23513 | Orc:2    | Found Saptelumn's General Store.
 23590 | Orc:2    | Found Qayfiesau's Antique Armour Shoppe.
 23601 | Orc:2    | Bought a scroll of amnesia for 60 gold pieces
 23601 | Orc:2    | Bought a scroll of identify for 30 gold pieces
 23603 | Orc:2    | Found Ganummax's Weapon Boutique.
 23724 | Lair:1   | Entered Level 1 of the Lair of Beasts
 25462 | Lair:2   | Found a staircase to the Swamp.
 26346 | Lair:2   | Identified the +11 quarterstaff "Zejykaq" {pain, Str+4}
 26361 | Lair:2   | You fall into a shaft and drop 2 floors!
 26586 | Lair:2   | Identified the +7 falchion of Ascent {freeze, Will+}
 27332 | Lair:3   | Found a hole to the Spider Nest.
 28311 | Lair:4   | Found a staircase to the Slime Pits.
 28311 | Lair:4   | Found a viscous altar of Jiyva.
 29009 | Lair:5   | Entered Level 5 of the Lair of Beasts
 29020 | Lair:4   | Reached XP level 15. HP: 134/134 MP: 15/15
 29704 | Lair:5   | Reached skill level 15 in Shapeshifting
 29744 | Lair:5   | Found a frozen archway.
 29991 | Lair:5   | Found an ancient bone altar of Kikubaaqudgha.
 30491 | Lair:5   | HP: 6/165 [death yak (5)]
 32249 | Lair:5   | Reached skill level 15 in Fighting
 32608 | Lair:5   | Found the +2 shield of Resistance {rF++ rC++ Will++}
 33246 | Swamp:1  | Entered Level 1 of the Swamp
 33246 | Swamp:1  | Noticed Louise
 33266 | Swamp:1  | Slain by a goliath frog

Illustrated notes

Levels and vault maps discovered:
D:1:      scummos_arrival_checkerplants, layout_loops_ring,
          kennysheep_pointless_box
D:2:      layout_loops_ring, serial_shops, nicolae_shop_tiny_glass, basic_altar,
          minmay_misc_feat_diagonals
D:3:      layout_basic, amcnicky_altar_gilded, lemuel_doored_altar,
          portal_sewer_entry_a
D:4:      layout_cave_pods, kennysheep_path_1, uniq_eustachio
D:5:      layout_gridville, cheibrodos_ashenzari_chains,
          chequers_serial_rivers_micro_d
D:6:      layout_rooms, kennysheep_mini_moat,
          mainiacjoe_overflow_surrounded_room, pdpol_wu_jian_five_deadly_venoms,
          kennysheep_okawaru_gauntlet, minmay_temple_entry_ruins, uniq_duvessa
D:7:      layout_basic
D:8:      layout_rooms, nicolae_overflow_hidden_temple, feat_on_display
D:9:      layout_loops_corners, uniq_prince_ribbit1
D:10:     layout_roguey, hellmonk_overflow_destroyed_library,
          overflow_temple_1_default, lair_entry_dummy, orc_david_3,
          serial_shops, nicolae_shop_tiny_waterfront, uniq_maurice
D:11:     layout_big_octagon, worms_lemuel
D:12:     layout_grid_maze
D:13:     layout_basic, erik_vaults_1, enter_trove_1
D:14:     layout_cave_pools, minmay_hedge_maze, fungi_pond_lemuel, minivault_28
D:15:     grunt_enter_depths_giant_problem, layout_stronghold, minivault_19,
          minmay_misc_feat_secret_circle
Temple:   grunt_temple_mini_profane
Lair:1:   layout_cave_pods, serial_rivers, chequers_serial_rivers_marsh,
          chequers_serial_rivers_room_b, chequers_serial_rivers_room_a,
          chequers_serial_rivers_marsh, grunt_megastairs_5
Lair:2:   layout_regular_city, minmay_swamp_entry_swarm, serial_bayou_shore_a
Lair:3:   layout_gridlike, nicolae_spider_entry_tight_spaces,
          infiniplex_staircase_pool_2, serial_bayou_shore_b, lemuel_fruit_fields
Lair:4:   layout_roguey, slime_entry_1
Lair:5:   evilmike_catoblepas_cave, layout_concentric_octagons,
          portal_ice_cave_entry_imps, basic_altar, minivault_11,
          grunt_forest_large_clearings, lemuel_fruit_fields
Swamp:1:  layout_basic_swamp, serial_swamp_ruin, evilmike_swamp_ruin_house_2,
          evilmike_swamp_ruin_house_4, infiniplex_staircase_pool,
          nicolae_swamp_decorative_isthmus, uniq_louise
Orc:1:    layout_diamond_mine, serial_shops, nicolae_shop_behind_doors,
          uniq_urug
Orc:2:    st_orc_elflike, layout_caves, uniq_azrael, uniq_rupert

Skill      XL: |  1  2  3  4  5  6  7  8  9 10 11 12 13 14 15 |
---------------+----------------------------------------------+-----
Unarmed Combat | 4 5 6 8 10 12 | 12.0
Shapeshifting  | 4 5 6 8 9 11 12 13 14 15 | 15.6
Fighting       | 8 10 12 15 | 15.2
Evocations     | 6 10 | 10.2
Dodging        | 3 9 10 | 10.5

Action                     |  1- 3 |  4- 6 |  7- 9 | 10-12 | 13-15 || total
---------------------------+-------+-------+-------+-------+-------++-------
  Melee: Unarmed           |   113 |   134 |   306 |   654 |  1288 ||  2495
         Tailslap          |    15 |    14 |    39 |   141 |   155 ||   364
         Punch             |     2 |     4 |    14 |     9 |    27 ||    56
         Constrict         |       |       |       |       |   125 ||   125
         Maw               |       |       |       |       |    21 ||    21
 Invoke: Potion Petition   |       |       |     1 |     2 |     1 ||     4
  Evoke: Wand              |       |       |       |     4 |       ||     4
         Phantom mirror    |       |       |       |       |     1 ||     1
    Use: Potion            |       |     1 |     1 |     4 |     5 ||    11
         Scroll            |       |     1 |     1 |     7 |    11 ||    20
   Stab: Sleeping          |       |     1 |     1 |       |     3 ||     5
         Distracted        |       |       |       |     3 |     6 ||     9
         Invisible         |       |       |       |       |     1 ||     1
 Armour: Skin              |    51 |   127 |   224 |   513 |   856 ||  1771
  Dodge: Dodged            |    80 |   106 |   141 |   540 |   869 ||  1736
         Repelled          |       |       |       |     1 |     7 ||     8
   Form: Flux              |       |       |       |     1 |     2 ||     3
         Serpent           |       |       |       |       |     3 ||     3
         Maw               |       |       |       |       |     1 ||     1
         Blade             |       |       |       |       |     1 ||     1
